 Dungeon Crawl Stone Soup version 0.32-a0-933-ga8fa3634e4 (webtiles) character file.

Game seed: 4614097827740223263

293 Goblin1989 the Cudgeller (level 6, -2/47 HPs)
             Began as a Demonspawn Delver on Apr 14, 2024.
             Was a Follower of Makhleb.
             Slain by a water moccasin (6 damage)
             ... on level 4 of the Dungeon.
             The game lasted 00:11:44 (3412 turns).

Goblin1989 the Cudgeller (Demonspawn Delver)        Turns: 3412, Time: 00:11:45

Health: -2/47      AC:  8    Str: 21    XL:     6   Next: 11%
Magic:  8/8        EV: 10    Int: 12    God:    Makhleb [*.....]
Gold:   209        SH:  0    Dex: 14    Spells: 5/5 levels left

rFire   . . .        k - +0 whip
rCold   . . .        (no shield)
rNeg    . . .        B - +2 ring mail "Kiggem" {Int+2}
rPois   .            (no helmet)
rElec   .            (no cloak)
rCorr   .            (no gloves)
SInv    .            (no boots)
Will    .....        v - amulet of regeneration
Stlth   ++           o - +6 ring of strength
HPRegen 1.87/turn    (no ring)
MPRegen 0.11/turn

%: no passive effects
@: lethally poisoned (-2 -> -5)
A: sharp scales 1, talons 1, regeneration 1
a: Renounce Religion


You were on level 4 of the Dungeon.
You worshipped Makhleb.
Makhleb was aware of your devotion.
You visited 1 branch of the dungeon, and saw 5 of its levels.

You collected 209 gold pieces.

Inventory:

Hand Weapons
 a - a +0 mace
 k - a +0 whip (weapon)
Armour
 b - a +0 leather armour
 h - a +2 chain mail of fire resistance
 B - the +2 ring mail "Kiggem" (worn) {Int+2}
   (You found it on level 3 of the Dungeon)

   Int+2:     It affects your intelligence (+2).
 C - a +0 scale mail
Jewellery
 o - a +6 ring of strength (left hand)
 v - an amulet of regeneration (around neck)
 E - an amulet of magic regeneration
Wands
 g - a wand of digging (2) {@v3}
Scrolls
 c - 2 scrolls of fog
 i - 4 scrolls of identify {unknown}
 m - a scroll of poison {unknown}
 p - a scroll of noise {unknown}
 r - 2 scrolls of enchant armour {unknown}
 s - 2 scrolls of enchant weapon {unknown}
 t - 2 scrolls of vulnerability {unknown}
 u - 2 scrolls of teleportation {unknown}
 x - a scroll of amnesia {unknown}
 z - a scroll of fear
 A - a scroll of brand weapon {unknown}
 G - a scroll of blinking {unknown}
Potions
 j - 2 potions of resistance {@q5}
 F - a potion of haste {@q3,}


   Skills:
 - Level 3.0 Fighting
 + Level 5.4 Maces & Flails
 - Level 1.7 Dodging
 - Level 4.5 Stealth
 - Level 3.0 Invocations


You had 5 spell levels left.
You didn't know any spells.
Your spell library contained the following spells:

 Spells                   Type           Power      Damage    Failure   Level
 Freeze                   Ice            0%         1d3       50%         1
 Frozen Ramparts          Ice            0%         1d1       86%         3
 Hailstorm                Conj/Ice       0%         3d5       86%         3
 Ignite Poison            Fire/Alch      0%         N/A       99%         4
 Sticky Flame             Fire/Alch      0%         2d4       99%         4
 Ignition                 Fire           0%         3d3       100%        8


Dungeon Overview and Level Annotations

Branches:
Dungeon (5/15) Zot: 24483
 Temple: D:4-7

Altars:
Makhleb

Shops:
D:3 ?   D:5 !

Annotations:
D:2 1 runed translucent door, Crazy Yiuf
D:3 3 runed translucent doors, Goblin1989's ghost, amateur DsSh
D:4 1 transporter, Eustachio


Innate Abilities, Weirdness & Mutations

You are partially covered in razor-sharp scales. (AC +1, Slay +1)
You have sharp toenails.
Your natural rate of healing is unusually fast.


Message History

Eustachio hits you with a +0 falchion. The white imp closely misses you.
The water moccasin bites you.
* * * LOW HITPOINT WARNING * * *
The river rat barely misses you.
You take 9 damage, and have 19/47 hp.
You closely miss Eustachio. You claw Eustachio.
Eustachio is severely wounded.
The ufetubus hits you but does no damage.
The ufetubus closely misses you. The water moccasin bites you.
* * * LOW HITPOINT WARNING * * *
The shadow imp hits you.
* * * LOW HITPOINT WARNING * * *
Eustachio hits you with a +0 falchion.
* * * LOW HITPOINT WARNING * * *
The white imp closely misses you. The river rat barely misses you.
You take 10 damage, and have 9/47 hp.
MASSIVE DAMAGE!!
You hit Eustachio. Your kick misses Eustachio.
Eustachio is severely wounded.
The ufetubus hits you but does no damage. x2
The water moccasin bites you but does no damage.
The ufetubus barely misses you. x2; The shadow imp barely misses you.
The white imp gestures at you. The puff of frost misses you.
The puff of frost hits the river rat!
The river rat dies!
The river rat's corpse disappears in a puff of smoke!
Eustachio gestures wildly while chanting.
You regained 2 hp, and now have 11/47 hp.
You hit Eustachio. Your kick misses Eustachio.
Eustachio is severely wounded.
The water moccasin bites you.
* * * LOW HITPOINT WARNING * * *
You are poisoned.
The water moccasin poisons you! The ufetubus hits you.
* * * LOW HITPOINT WARNING * * *
The ufetubus closely misses you.
You take 3 damage, and have 8/47 hp.
Unknown command.
You feel much better.
You feel very sick.
The water moccasin bites you but does no damage.
The ufetubus hits you but does no damage. x2
The shadow imp hits you but does no damage.
Eustachio gestures wildly while chanting.
Eustachio blinks!
The white imp barely misses you. The water moccasin bites you.
* * * LOW HITPOINT WARNING * * *
You regained 6 hp, and now have 14/47 hp.
You closely miss the rat. You claw the rat, but do no damage.
You feel sick.
Eustachio gestures wildly while chanting.
Eustachio blinks!
The shadow imp hits you.
* * * LOW HITPOINT WARNING * * *
The white imp closely misses you. The rat bites you but does no damage.
The water moccasin bites you.
* * * LOW HITPOINT WARNING * * *
The ufetubus closely misses you.
The ufetubus hits you but does no damage.
You take 4 damage, and have 10/47 hp.
Okay, then.
You feel much better.
You feel sick. The ufetubus hits you. The ufetubus barely misses you.
The water moccasin barely misses you. The ufetubus hits you.
The ufetubus hits you but does no damage.
Eustachio gestures wildly while chanting.
The shadow imp barely misses you.
The white imp hits you but does no damage.
The rat closely misses you. The ufetubus barely misses you.
The ufetubus hits you.
You regained 17 hp, and now have 27/47 hp.
You feel sick.
The ufetubus hits you but does no damage.
The ufetubus barely misses you.
The water moccasin attacks as it pursues you!
The water moccasin bites you!
* * * LOW HITPOINT WARNING * * *
You are more poisoned.
The water moccasin poisons you! The quokka closely misses you.
The water moccasin bites you.
* * * LOW HITPOINT WARNING * * *
You take 10 damage, and have 17/47 hp.
MASSIVE DAMAGE!!
You closely miss Eustachio.
Eustachio is severely wounded.
You feel very sick. The ufetubus closely misses you.
The ufetubus completely misses you.
The shadow imp hits you but does no damage.
Eustachio hits you with a +0 falchion.
* * * LOW HITPOINT WARNING * * *
The quokka bites you but does no damage.
The water moccasin bites you.
* * * LOW HITPOINT WARNING * * *
The ufetubus hits you but does no damage.
The ufetubus barely misses you.
You take 9 damage, and have 8/47 hp.
You hit Eustachio but do no damage. You claw Eustachio.
Eustachio is severely wounded.
You feel very sick.
The ufetubus disappears in a puff of smoke!
The shadow imp hits you.
* * * LOW HITPOINT WARNING * * *
The water moccasin bites you.
You die...

........███..............
.........██....█∆█.......
...............█.█.......
.................█...█...
.................█...█...
.....................█.█.
.███....r...........██...
.......5S██..............
......§5@r...........█...
.......5.@...............
...█..........>..........
.. █.....................
. █.....................
█.....███.............
█.....█ █.............
█.....█ ███▲███▲██....
█.....█ ████.


You could see Eustachio, a water moccasin, a white imp, a shadow imp (summoned),
an ufetubus (summoned), a quokka (summoned) and a rat (summoned).

Vanquished Creatures
  Blork the orc (D:4)
  A bombardier beetle (D:4)
  Jessica (D:2)
  An iguana (D:4)
  Robin (D:2)
  4 adders (D:3)
  4 ribbon worms
  2 dart slugs (D:3)
  An orc (D:3)
  4 bats (D:1)
  9 endoplasms
  2 giant cockroaches
  13 goblins
  7 hobgoblins
  3 jackals (D:2)
  6 kobolds
  3 quokkas
  6 ball pythons
  3 frilled lizards
  7 rats
79 creatures vanquished.

Notes
Turn   | Place    | Note
-------+----------+-------------------------------------------
     0 | D:5      | Goblin1989 the Demonspawn Delver began the quest for the
                  | Orb.
     0 | D:5      | Reached XP level 1. HP: 18/18 MP: 1/1
    12 | D:5      | Noticed an ogre
   173 | D:5      | Found Lelupaid's Distillery.
   175 | D:5      | Noticed a sleepcap
   224 | D:5      | Noticed a phantom
   234 | D:5      | Noticed an ice beast
   236 | D:5      | Noticed a hound
   239 | D:5      | Noticed a jelly
   242 | D:5      | Noticed an acid dragon
   262 | D:5      | Noticed an orc wizard
   262 | D:5      | Noticed an orc wizard
   341 | D:4      | Found a transporter.
   371 | D:4      | Noticed Blork the orc
   444 | D:3      | Found Waeqekod's Magic Scroll Emporium.
   691 | D:2      | Reached skill level 2 in Maces & Flails
   708 | D:2      | Noticed Jessica
   726 | D:2      | Gained mutation: You are partially covered in razor-sharp
                  | scales. (AC +1, Slay +1) [demonic ancestry]
   726 | D:2      | Reached XP level 2. HP: 24/24 MP: 2/2
   743 | D:2      | Killed Jessica
   744 | D:2      | Reached skill level 3 in Maces & Flails
   744 | D:2      | Reached XP level 3. HP: 9/29 MP: 3/3
   747 | D:2      | HP: 1/29 [ribbon worm (5)]
  1417 | D:1      | Reached XP level 4. HP: 33/35 MP: 4/4
  1596 | D:2      | Reached skill level 4 in Maces & Flails
  1637 | D:2      | Noticed Robin
  1650 | D:2      | Killed Robin
  1888 | D:2      | Found a runed translucent door.
  1889 | D:2      | Noticed Crazy Yiuf
  2442 | D:3      | Reached XP level 5. HP: 41/41 MP: 5/5
  2520 | D:3      | Identified the +2 ring mail "Kiggem" {Int+2}
  2689 | D:3      | Found a faded altar of an unknown god.
  2806 | D:3      | Prayed at the altar of an unknown god.
  2806 | D:3      | Became a worshipper of Makhleb the Destroyer
  2806 | D:3      | Reached * piety under Makhleb
  2847 | D:3      | Found a runed translucent gate.
  2848 | D:3      | Found a runed translucent gate.
  2850 | D:3      | Found a runed translucent gate.
  2851 | D:3      | Noticed Goblin1989's ghost (amateur DsSh)
  3111 | D:4      | Gained mutation: Your natural rate of healing is unusually
                  | fast. [potion of mutation]
  3111 | D:4      | Gained mutation: You have sharp toenails. [potion of
                  | mutation]
  3132 | D:4      | Killed Blork the orc
  3133 | D:4      | Reached skill level 5 in Maces & Flails
  3386 | D:4      | Noticed Eustachio
  3391 | D:4      | Noticed a water moccasin
  3392 | D:4      | Reached XP level 6. HP: 47/47 MP: 6/8
  3412 | D:4      | Slain by a water moccasin

Illustrated notes

Levels and vault maps discovered:
D:1:      dpeg_arrival_rhombi, layout_basic, nrook_campfire
D:2:      layout_loops_ring, minmay_quantized, uniq_jessica,
          uniq_crazy_yiuf_cottage, uniq_robin
D:3:      minmay_chambers_of_twos, layout_loops_ring, lemuel_crystal_altar,
          serial_shops, shop, ebering_ghost_rock_garden,
          hellmonk_ecumenical_altar_pennies_from_heaven, grunt_ministairs_4
D:4:      gammafunk_cloud_chamber, layout_basic,
          mainiacjoe_overflow_surrounded_room, minmay_temple_entry_from_below_a,
          minmay_puff, uniq_eustachio, uniq_sigmund, uniq_blork_the_orc
D:5:      layout_loops_cross, serial_shops, shop, nicolae_wooded_promenade,
          uniq_duvessa

Skill      XL: |  1  2  3  4  5  6 |
---------------+-------------------+-----
Maces & Flails | 2 3 4 5 |  5.4
Invocations    | 2 3 |  3.0
Fighting       | |  3.0
Dodging        | |  1.7
Stealth        | |  4.5

Action                     |  1- 3 |  4- 6 || total
---------------------------+-------+-------++-------
  Melee: Whip              |   124 |   220 ||   344
         Kick              |       |    26 ||    26
  Evoke: Wand              |     1 |       ||     1
    Use: Scroll            |     2 |       ||     2
         Potion            |     1 |     9 ||    10
   Stab: Sleeping          |     4 |     5 ||     9
 Armour: Leather armour    |    80 |     5 ||    85
         Ring mail         |       |   177 ||   177
  Dodge: Dodged            |    92 |   135 ||   227

Table legend: (Time is in decaauts)
 A = Elapsed time spent in this place.
 B = Non-inter-level travel time spent in this place.
 C = Inter-level travel time spent in this place.
 D = Time resting spent in this place.
 E = Time spent auto-exploring this place.
 F = Levels seen in this place.
 G = Mean time per level.
                   A        B        C        D        E       F      G
               +--------+--------+--------+--------+--------+-----+--------+
         Total |   3359 |   3123 |    236 |     78 |   1851 |   5 |  671.8 |
       Dungeon |   3359 |   3123 |    236 |     78 |   1851 |   5 |  671.8 |
               +--------+--------+--------+--------+--------+-----+--------+

Top non-repeatable levels by time:
     D:3: 992 daAuts
     D:2: 957 daAuts
     D:1: 659 daAuts
     D:4: 488 daAuts
     D:5: 261 daAuts
